 Dungeon Crawl Stone Soup version 0.21-a0-55-gb612c23 (webtiles) character file.

480 AvylaarBelgium the Magician (level 6, 0/32 HPs)
             Began as a Deep Elf Air Elementalist on June 15, 2017.
             Slain by an ogre
             ... wielding a +0 giant spiked club
              (32 damage)
             ... on level 5 of the Dungeon.
             The game lasted 00:10:13 (3076 turns).

AvylaarBelgium the Magician (DEAE)                  Turns: 3076, Time: 00:10:14

Health: 0/32       AC:  6    Str:  5    XL:     6   Next: 86%
Magic:  11/16      EV: 13    Int: 22    God:
Gold:   64         SH:  0    Dex: 15    Spells: 10/16 levels left

rFire    . . .     SeeInvis .   e - -2 short sword (curse)
rCold    . . .     Gourm    .   (no shield)
rNeg     . . .     Faith    .   j - +0 robe
rPois    .         Spirit   .   (no helmet)
rElec    .         Reflect  .   (no cloak)
rCorr    .         Harm     .   (no gloves)
MR       .....                  (no boots)
Stlth    ++........             (no amulet)
HPRegen  0.10/turn              n - +4 ring of protection
MPRegen  0.15/turn              (no ring)

@: no status effects
A: no striking features
a: no special abilities


You were on level 5 of the Dungeon.
You were very hungry.

You visited 1 branch of the dungeon, and saw 5 of its levels.

You collected 218 gold pieces.
You spent 154 gold pieces at shops.

Inventory:

Hand Weapons
 d - a +0 club
 e - a cursed -2 short sword (weapon)
 i - a +5 scythe of protection
 l - a +2 dagger of draining
 o - a +0 rapier
Missiles
 p - 13 poisoned needles
Armour
 a - a +0 robe
 j - a +0 robe (worn)
Jewellery
 n - a +4 ring of protection (left hand)
Wands
 r - a wand of acid (8/15)
Scrolls
 g - 2 scrolls of identify
 h - a scroll of recharging
 k - 3 scrolls of magic mapping
 m - 3 scrolls of fog
 s - a scroll of remove curse {unknown}
 u - a scroll of fear {unknown}
 v - 3 scrolls of teleportation
Potions
 t - a potion of might {unknown}
 w - a potion of curing
 x - a potion of heal wounds
Books
 b - a book of Air

   Spells                             Type                      Level
   a - Shock                          Conjuration/Air              1
   b - Swiftness                      Charms/Air                   2
   c - Static Discharge               Conjuration/Air              3
   d - Airstrike                      Air                          4
   e - Lightning Bolt                 Conjuration/Air              5
Comestibles
 c - 4 bread rations
 f - 2 royal jellies
 q - 3 meat rations


   Skills:
 - Level 2.4 Dodging
 - Level 2.4 Stealth
 + Level 5.6 Spellcasting
 + Level 5.2 Conjurations
 + Level 4.8 Air Magic


You had 10 spell levels left.
You knew the following spells:

 Your Spells              Type           Power        Failure   Level  Hunger
a - Shock                 Conj/Air       ####         1%          1    None
b - Swiftness             Chrm/Air       ###.....     5%          2    None
c - Static Discharge      Conj/Air       ####....     3%          3    ##.....


Dungeon Overview and Level Annotations

Branches:
Dungeon (5/15)
 Temple: D:4-7

Altars:
Fedhas
Hepliaklqana
Nemelex Xobeh
Qazlal
Ru
Yredelemnul
Zin

Shops:
D:4 *

Annotations:
D:2 1 exclusion
D:4 Duffy's ghost, amateur HuGl


Message History

The zap hits the ogre.
The ogre is heavily wounded.
A leopard gecko comes into view.
Casting: Shock
Confirm with . or Enter, or press ? or * to list all spells.
Aiming: Shock
Press: ? - help, Shift-Dir - straight line, f/p - ogre
Aim: an ogre, wielding a giant spiked club (moderately wounded)
The zap hits the ogre.
The ogre is heavily wounded.
Casting: Shock
Confirm with . or Enter, or press ? or * to list all spells.
Aiming: Shock
Press: ? - help, Shift-Dir - straight line, f/p - ogre
Aim: an ogre, wielding a giant spiked club (heavily wounded)
The zap hits the ogre.
The ogre is severely wounded.
The ogre hits you with a giant spiked club!!
Ouch! That really hurt!
You die...

....##..## ..#####..##
## ##..## ##..## ##..##
#...##
#######...##########.
......###...##........
.............O@........
.............s#######..
.............##
............#######.
....................
....................
....................
..........########..
...l..##### .


You could see an ogre and a giant cockroach.

Vanquished Creatures
  Sigmund (D:2)
  A phantom (D:5)
  A scorpion (D:4)
  2 worker ants
  6 adders
  A shadow imp (D:5)
  An adder skeleton (D:4)
  4 worms
  4 dart slugs
  4 leopard geckos
  A ball python (D:3)
  A giant cockroach (D:2)
  5 goblins
  8 hobgoblins
  4 jackals
  A quokka (D:4)
  7 bats
  2 frilled lizards
  6 kobolds
  A leopard gecko skeleton (D:5)
  A quokka skeleton (D:4)
  2 rats
64 creatures vanquished.

Notes
Turn   | Place    | Note
-------+----------+-------------------------------------------
     0 | D:1      | AvylaarBelgium the Deep Elf Air Elementalist began the quest for the Orb.
     0 | D:1      | Reached XP level 1. HP: 10/10 MP: 6/6
   369 | D:1      | Reached XP level 2. HP: 10/15 MP: 0/8
   966 | D:2      | Reached XP level 3. HP: 19/19 MP: 0/9
   971 | D:2      | Found a blossoming altar of Fedhas.
  1080 | D:2      | Learned a level 2 spell: Swiftness
  1084 | D:2      | Learned a level 3 spell: Static Discharge
  1283 | D:2      | Found a sacrificial altar of Ru.
  1400 | D:2      | Noticed Sigmund
  1737 | D:3      | Found a sacrificial altar of Ru.
  1737 | D:3      | Found a stormy altar of Qazlal.
  1739 | D:3      | Found a basalt altar of Yredelemnul.
  1746 | D:3      | Reached XP level 4. HP: 24/24 MP: 8/11
  1814 | D:3      | Found a glowing silver altar of Zin.
  1818 | D:3      | Found a hazy altar of Hepliaklqana.
  2381 | D:2      | Killed Sigmund
  2381 | D:2      | Reached XP level 5. HP: 22/28 MP: 10/14
  2494 | D:4      | Reached XP level 6. HP: 32/32 MP: 9/15
  2648 | D:4      | Reached skill level 5 in Spellcasting
  2672 | D:4      | Found Suyxzist's General Store.
  2680 | D:4      | Bought a potion of curing for 42 gold pieces
  2680 | D:4      | Bought a potion of heal wounds for 70 gold pieces
  2680 | D:4      | Bought a scroll of teleportation for 42 gold pieces
  2764 | D:4      | Reached skill level 5 in Conjurations
  2766 | D:4      | Found a sparkling altar of Nemelex Xobeh.
  2769 | D:4      | Noticed Duffy's ghost (amateur HuGl)
  2821 | D:5      | Entered Level 5 of the Dungeon
  3076 | D:5      | Slain by an ogre

Vault maps used:
D:1:      dpeg_arrival_ternary
D:2:      lemuel_doored_altar, grunt_ministairs_3, nicolae_ru_path_of_blood,
          uniq_sigmund
D:3:      nicolae_overflow_hidden_temple, first_bread,
          hangedman_decor_clover_reticule
D:4:      led_sif_pool, nemelex_xobeh_ov_fountains_minmay, serial_shops, shop
D:5:      minmay_temple_entry_fiery, lemuel_flamethrower_2

Skill      XL: |  1  2  3  4  5  6 |
---------------+-------------------+-----
Conjurations   | 2 3 4 5 |  5.2
Spellcasting   | 4 5 |  5.6
Air Magic      | 4 |  4.8
Dodging        | |  2.4
Stealth        | |  2.4

Action                   |  1- 3 |  4- 6 || total
-------------------------+-------+-------++-------
Melee: Short sword       |    20 |     4 ||    24
       Club              |     2 |       ||     2
 Cast: Shock             |    88 |   100 ||   188
       Swiftness         |       |     1 ||     1
       Static Discharge  |       |     1 ||     1
  Use: Scroll            |     6 |       ||     6
       Potion            |       |     7 ||     7
  Eat: Chunk             |     2 |     3 ||     5
Armor: Robe              |     4 |     6 ||    10
       Skin              |       |     4 ||     4
Dodge: Dodged            |    34 |    13 ||    47
